[Event "ITT 1st Parada Jamundi 2022"]
[Site "Jamundi Valle"]
[Date "2022.12.07"]
[Round "3.9"]
[White "Mateus, Alejandro"]
[Black "Paredes Lagos, Anthony Javier"]
[Result "1/2-1/2"]
[ECO "C41"]
[WhiteElo "2308"]
[BlackElo "2230"]
[Annotator "TA"]
[PlyCount "63"]
[EventDate "2022.12.05"]
[EventType "swiss"]
[EventCountry "COL"]
[SourceTitle "playchess.com"]
[Source "ChessBase"]
[SourceQuality "1"]
[TimeControl "5400+30"]

1. e4 d6 2. d4 Nf6 3. Nc3 e5 4. Nf3 Nbd7 5. Bc4 Be7 6. O-O O-O 7. Re1 c6 8. a4 a5 {[%emt 0:01:46] 8...h6 is setting a new trend.} 9. Ba2 Qc7 10. h3 Re8 {[%emt 0:04:18] C41: Philidor Defence.} 11. Ng5 Rf8 12. Be3 exd4 {[%emt 0:04:08] White has an edge.} 13. Bxd4 {[%emt 0:01:15] f4 is the strong threat.} h6 14. Nf3 Ne5 15. Nh4 {[%emt 0:09:21] [#]} Nh7 $146 ({Predecessor:} 15... Ne8 16. Qh5 Nf6 17. Qe2 Ne8 18. Nf5 Bf6 19. g4 Bxf5 20. gxf5 Nf3+ 21. Qxf3 Bxd4 22. Rab1 Be5 {½-½ (22) Milos,G (2565)-Tempone,M (2460) Buenos Aires 1996}) 16. Nf3 Bf6 {[%emt 0:07:23] [#] Hoping for ...Nxf3+.} 17. Nxe5 dxe5 18. Be3 Ng5 19. Qh5 Qe7 20. Rad1 Be6 21. h4 Nh7 (21... Nxe4 $2 22. Nxe4 g6 23. Qf3 $18) 22. Bxe6 Qxe6 23. Bc5 Be7 24. Bxe7 Qxe7 25. Rd3 Nf6 26. Qf5 g6 27. Qf3 {[%emt 0:00:46] The position is equal.} Kg7 28. Red1 Rfd8 29. g3 $1 Rxd3 30. Qxd3 Qb4 31. Kg2 Re8 32. b3 {[%emt 0:02:44] Weighted Error Value: White=0.05 (flawless) /Black=0.03 (flawless)} 1/2-1/2

[Event "ITT 1st Parada Jamundi 2022"]
[Site "Jamundi Valle"]
[Date "2022.12.07"]
[Round "3.10"]
[White "Mogollon Tobar, Nicolle Julieth"]
[Black "Argote Heredia, Valentina"]
[Result "0-1"]
[ECO "B90"]
[WhiteElo "1840"]
[BlackElo "2140"]
[Annotator "TA"]
[PlyCount "67"]
[EventDate "2022.12.05"]
[EventType "swiss"]
[EventCountry "COL"]
[SourceTitle "playchess.com"]
[Source "ChessBase"]
[SourceQuality "1"]
[TimeControl "5400+30"]

1. e4 {[%emt 0:23:27] Ftacnik,Lubomir} c5 2. Nf3 d6 3. d4 cxd4 4. Nxd4 Nf6 5. Nc3 a6 6. f3 e5 7. Nb3 Be6 8. Be3 Nbd7 9. g4 h6 {[%emt 0:08:01] B90: Sicilian Najdorf: Unusual White 6th moves, 6 Be3 Ng4 and 6 Be3 e5.} 10. Qd2 $1 b5 11. a4 b4 12. Nd5 Bxd5 13. exd5 Nb6 14. Bxb6 Qxb6 15. O-O-O Be7 16. Kb1 Nd7 17. h4 {[%emt 0:04:48] Prevents Bg5.} g5 {[%emt 0:01:10] [#] Against f4} 18. h5 $146 ({White should try} 18. a5 $16 Qb7 19. Bd3) ({Predecessor:} 18. Bd3 gxh4 19. f4 exf4 20. Rde1 f3 21. Rxh4 Ne5 22. Rxh6 Rxh6 23. Qxh6 Nxd3 24. cxd3 {1-0 (41) Stocek,J (2518)-Neverov,V (2569) Prerov 2001 CBM 087 [Ftacnik,Lubomir]}) 18... Nc5 {[%emt 0:03:12] [#]} 19. Nxc5 $1 Qxc5 20. Bd3 (20. Re1 {simplifies} Qa5 21. Re4 Qxa4 22. Rxb4 Qd7 23. Qc3) 20... Bf6 (20... Qb6 $14 {is superior.}) 21. Rhe1 $16 O-O {[%emt 0:04:32] [#]} 22. Qe2 (22. Re4 $1 $16) 22... Rfc8 $11 23. Qe4 {[%emt 0:02:17] Hoping for Qh7+.} (23. Bxa6 $2 {is the wrong capture.} Rxa6 24. Qxa6 Qxc2+ 25. Ka1 e4 $19) 23... Kf8 (23... Bg7 {simplifies} 24. Qe3 Rc7 25. Qxc5 Rxc5 26. Re4 a5) 24. Bf1 Qa5 25. Qf5 Bg7 26. Qd7 Qb6 (26... Qc5 $5 27. Qf5 Qa5 $11) 27. Re4 (27. a5 $5 Qc5 28. Bd3 $14) 27... Rc5 {[%emt 0:06:02] Inhibits a5.} (27... Rc7 {is more complex.} 28. a5 b3 29. c3 Qxa5 30. Qa4 Qb6) 28. Rc4 Rxc4 29. Bxc4 a5 30. Bb5 Bf6 31. Bc6 Rd8 32. Qf5 Bg7 33. Qe4 Qc5 34. Re1 {[%emt 0:01:03][%mdl 32768] Weighted Error Value: White=0.09 (flawless) /Black=0.09 (flawless) . Loss on time!?} 0-1

[Event "ITT 1st Parada Jamundi 2022"]
[Site "Jamundi Valle"]
[Date "2022.12.07"]
[Round "3.11"]
[White "Valdes Martinez, Miguel A."]
[Black "Lopez Rayo, Santiago"]
[Result "1/2-1/2"]
[ECO "A48"]
[WhiteElo "2104"]
[BlackElo "2300"]
[Annotator "TA"]
[PlyCount "67"]
[EventDate "2022.12.05"]
[EventType "swiss"]
[EventCountry "COL"]
[SourceTitle "playchess.com"]
[Source "ChessBase"]
[SourceQuality "1"]
[TimeControl "5400+30"]

1. d4 Nf6 2. Nf3 g6 3. e3 Bg7 4. Be2 d6 5. O-O O-O 6. b4 {[%emt 0:00:02] A48: 1 d4 Nf6 2 Nf3 g6: Torre, London and Colle Systems.} (6. c4 $14) 6... c5 7. a3 Nbd7 8. Bb2 {[%emt 0:00:21] The position is equal.} b6 9. c4 Bb7 10. Nbd2 Qc7 {[%emt 0:00:30] [#]} 11. bxc5 $146 ({Predecessor:} 11. Rc1) 11... dxc5 12. d5 e5 (12... Rfe8 $11) 13. e4 $16 Ne8 14. a4 a5 15. Nb1 Nd6 16. Qc2 Ba6 17. Na3 Rae8 18. Bd3 Qd8 19. Rfe1 f5 20. Rab1 ({White should try} 20. Nd2 $14) 20... f4 (20... fxe4 $11 {remains equal.} 21. Bxe4 Nf6) 21. Bc3 g5 22. h3 h5 23. Nh2 {[%emt 0:00:12] Inhibits g4. White is more active.} ({But not} 23. Nb5 Bxb5 24. axb5 (24. cxb5 g4 $17) 24... g4 $17) (23. Qe2 {is interesting.} g4 24. Nh2 g3 25. Nf3) 23... Rf6 24. Be2 Rh6 25. f3 Kf7 26. Rb3 Rg8 27. Reb1 Qc7 28. Kf2 Nc8 29. Ke1 Qd6 30. Kd1 Bf6 31. Kc1 Bd8 32. Kb2 {[%emt 0:00:46] White is better.} Bc7 33. Ka2 Nf6 34. Qb2 {[%emt 0:02:46] Weighted Error Value: White=0.16 (very precise) /Black=0.19 (very precise)} 1/2-1/2

[Event "ITT 1st Parada Jamundi 2022"]
[Site "Jamundi Valle"]
[Date "2022.12.07"]
[Round "3.12"]
[White "Lopez Rayo, Isabella"]
[Black "Pazos Gambarrotti, Plinio"]
[Result "1-0"]
[ECO "C04"]
[WhiteElo "1898"]
[BlackElo "2083"]
[Annotator "NA RC"]
[PlyCount "111"]
[EventDate "2022.12.05"]
[EventType "swiss"]
[EventCountry "COL"]
[SourceTitle "playchess.com"]
[Source "ChessBase"]
[SourceQuality "1"]
[TimeControl "5400+30"]

1. e4 e6 2. d4 d5 3. Nd2 Nc6 4. Ngf3 Nf6 5. e5 Nd7 6. Nb3 f6 7. Bb5 Be7 8. O-O O-O 9. c3 fxe5 10. Bxc6 bxc6 11. Nxe5 Qe8 12. Be3 Nf6 13. Na5 Rb8 14. Rb1 Rb6 15. Qa4 Bd6 16. f3 Nd7 17. Qc2 Ba6 18. Rfe1 Bxe5 19. dxe5 Rb5 20. Nxc6 Rb7 21. f4 Nb6 22. Na5 Rb8 23. Nb3 Bc4 24. Nd2 Qb5 25. Rbc1 Bxa2 26. b3 Bxb3 27. Nxb3 Nc4 28. Nd4 Qb6 29. Qf2 Nxe5 30. Nf5 Qb5 31. fxe5 Rxf5 32. Qg3 c5 33. h4 Rbf8 34. Kh2 Qc4 35. Ra1 R8f7 36. Bg5 Kh8 37. Reb1 h6 38. Rb8+ Kh7 39. Bxh6 Qe4 40. Re1 Qc2 41. Bg5 d4 42. Qg4 Rf8 43. Rxf8 Rxf8 44. cxd4 Rf5 45. Qh5+ Kg8 46. Qe8+ Kh7 47. dxc5 Qf2 48. Qh5+ Kg8 49. Rd1 Qxc5 50. Rd8+ Rf8 51. Rxf8+ Qxf8 52. Qg6 Qc8 53. h5 Qd7 54. h6 a5 55. Bf6 a4 56. hxg7 1-0

[Event "ITT 1st Parada Jamundi 2022"]
[Site "Jamundi Valle"]
[Date "2022.12.07"]
[Round "3.13"]
[White "Londono Lopez, Donaldo"]
[Black "Gonzalez Velasco, Leandro"]
[Result "1-0"]
[ECO "B63"]
[WhiteElo "2055"]
[BlackElo "1915"]
[Annotator "TA"]
[PlyCount "83"]
[EventDate "2022.12.05"]
[EventType "swiss"]
[EventCountry "COL"]
[SourceTitle "playchess.com"]
[Source "ChessBase"]
[SourceQuality "1"]
[TimeControl "5400+30"]

1. e4 c5 2. Nf3 d6 3. d4 cxd4 4. Nxd4 Nf6 5. Nc3 Nc6 6. Bg5 e6 7. Qd2 Be7 8. O-O-O O-O {[%emt 0:00:17] 8...a6 might become the main line.} 9. h4 h6 {[%emt 0:00:36] B63: Sicilian: Richter-Rauzer: 7...Be7 and unusual Black 7th moves.} 10. Nxc6 bxc6 11. e5 $1 ({Much worse is} 11. Bxf6 Bxf6 12. Qxd6 Qb6 $15) 11... dxe5 {[%emt 0:02:35] White is slightly better.} 12. Bxh6 {[%emt 0:00:56][%mdl 64] [#]} Qxd2+ (12... gxh6 $2 13. Qxh6 Qb6 14. Rh3 $18) (12... Nd5 $11) 13. Bxd2 $16 {[%emt 0:01:01] [#]} Ng4 $146 ({Predecessor:} 13... Nd5 14. h5 f5 15. f3 Rb8 16. Re1 Bd6 17. Nd1 Nf6 18. h6 e4 19. hxg7 Rf7 {1-0 (50) Zidu,J (2553)-Carlsen,T (2360) Remote email 2014}) 14. Ne4 f5 15. f3 Nf6 16. Ng5 {[%emt 0:01:21] White is more active.} Nd5 17. c4 Nf4 18. Re1 Nh5 19. Rxe5 Ng3 20. Rg1 Bd6 21. Re1 e5 22. Bd3 Rd8 $2 (22... Ba6 $16 {is a better chance.}) 23. c5 $18 Bc7 24. Bc4+ Kf8 25. Bc3 {[%emt 0:02:50] Inhibits Rd4.} e4 26. fxe4 {[%emt 0:02:17] Hoping for Nh7+.} Bf4+ 27. Kc2 {[%emt 0:01:34] And now Nh7+ would win.} fxe4 $2 {[%emt 0:02:05] [#]} (27... Bxg5 28. hxg5 Re8 29. exf5 Rxe1 30. Rxe1 Bxf5+ 31. Kc1 Bg6) 28. Rgf1 $1 Nxf1 29. Rxf1 Ke7 30. Rxf4 Rf8 31. Rxe4+ Kd8 32. Ne6+ (32. Ba5+ $142 Kd7 33. Be6+ Ke7 34. Bxc8+ Kf6 35. Nh7+ Kf7 36. Rf4+ Ke7 37. Rxf8) 32... Bxe6 33. Rxe6 Rf2+ 34. Re2 Rxe2+ 35. Bxe2 {[%emt 0:00:10] This pair of bishops is nice.} Kd7 36. h5 Rg8 37. g4 {[%emt 0:00:35][%cal Bg2g4,Bg4g5,Bg5h6,Bh6h7][%mdl 32] Intending Bc4 and mate.} Ke7 38. g5 {[%emt 0:00:24] h6 would kill now.} Rf8 {[%emt 0:00:25] Inhibits h6.} 39. h6 gxh6 40. gxh6 {[%emt 0:00:04] White mates.} Rf2 41. h7 Rxe2+ 42. Kd3 {[%emt 0:00:14] Black got outplayed after the opening.   Weighted Error Value: White=0.09 (flawless) /Black=0.67} 1-0

[Event "ITT 1st Parada Jamundi 2022"]
[Site "Jamundi Valle"]
[Date "2022.12.07"]
[Round "4.1"]
[White "Cardoso Cardoso, Jose Gabriel"]
[Black "Henriquez Villagra, Cristobal"]
[Result "0-1"]
[ECO "B12"]
[WhiteElo "2483"]
[BlackElo "2587"]
[Annotator "TA"]
[PlyCount "120"]
[EventDate "2022.12.05"]
[EventType "swiss"]
[EventCountry "COL"]
[SourceTitle "playchess.com"]
[Source "ChessBase"]
[SourceQuality "1"]
[TimeControl "5400+30"]

1. e4 c6 2. d4 d5 3. e5 Bf5 4. Nf3 e6 5. Be2 Nd7 6. O-O a5 {[%emt 0:00:03] B12: Caro-Kann: Advance Variation.} 7. a4 f6 8. Be3 fxe5 {[%emt 0:00:35] [#] The position is equal.} 9. Nxe5 $146 ({Predecessor:} 9. dxe5 Bc5 10. Bxc5 Nxc5 11. Nd4 Ne7 12. Bh5+ g6 13. Be2 Qb6 14. g4 Be4 15. Nc3 {0-1 (36) Kryvoruchko,Y (2658)-Eljanov,P (2697) Germany 2022}) 9... Nxe5 10. dxe5 Bg6 11. Bd3 Ne7 12. f4 Nf5 13. Bf2 h5 14. Nd2 Be7 (14... c5 $11) 15. Nf3 (15. Nb3 $14) 15... c5 $1 $11 16. c4 d4 17. Be4 Qc7 18. g3 O-O-O 19. Qd3 {[%emt 0:00:49] Inhibits Ne3.} Rhf8 20. Be1 Be8 21. Bd2 Kb8 22. Ra3 (22. Qb3 $5 Rd7 23. Ne1 $11) 22... Ka7 23. Raa1 Rc8 24. b3 Bd8 25. Rf2 (25. Kf2 {is more complex.} Be7 26. Ke2 Rd8 27. Rg1) 25... Bc6 26. Re1 Ka6 27. Kf1 Be7 28. Kg1 Rf7 29. Ref1 Rcf8 30. Bc1 h4 31. Rg2 (31. g4 $11 Bxe4 32. Qxe4) 31... hxg3 32. hxg3 Qb6 33. Bxc6 Qxc6 34. Qe2 {[%emt 0:04:59] Against g5} g6 35. Re1 Rh7 {[%emt 0:02:14][%cal Og6g5] Black is more active.} 36. Qe4 {[%emt 0:01:26] Against g5} (36. g4 $2 Nh4 37. Nxh4 Rxh4 $19) 36... Qb6 (36... Rh3 {seems wilder.} 37. Kf2 Rb8 38. Bd2 Qb6) 37. Qd3 (37. g4 $2 Nh4 38. Bd2 Nxg2 39. Kxg2 Qc6 40. Qxc6+ bxc6 $19) 37... Rhf7 38. Bd2 Rh8 39. Bc1 $2 {[%emt 0:00:40] [#]} (39. Rh2 $1 $11 Rxh2 40. Kxh2) 39... g5 $1 $19 40. g4 Ne3 (40... Nh4 $19 41. Nxh4 Rxh4 42. fxg5 Rfh7) 41. Bxe3 $11 dxe3 42. f5 (42. Nxg5 Rxf4 43. Ne4 Rh4 $15) 42... Rd8 {[%emt 0:03:54] Prevents f6.} 43. Qe4 (43. Qxe3 exf5 44. gxf5 (44. Nxg5 $2 f4 $19) 44... Rxf5 $17) ({Better is} 43. Qb1 $16 exf5 44. gxf5 (44. Rxe3 fxg4 45. Nh2 Rd4 $17)) 43... Qxb3 (43... exf5 $14 44. gxf5 Qxb3) 44. f6 $18 (44. Qxe3 $2 Rd3 45. Qc1 Rxf3 $19) (44. Rxe3 exf5 45. gxf5 Qxa4 $16) 44... Bxf6 {[%emt 0:00:04] And now ...Be7 would win.} 45. exf6 (45. Rxe3 $18 {is the precise move to win.} Qxa4 46. exf6 Rxf6 47. Nxg5 Qa1+ 48. Kh2 Rh6+ 49. Nh3 (49. Rh3 Qh8 $16)) 45... Rxf6 $16 46. Rxe3 ({White should play} 46. Ne5 $16) 46... Qd1+ $11 47. Ne1 {[%emt 0:01:43] Threatens to win with Rb2.} Rd4 (47... Rf4 $1 $11 48. Qxe6+ Ka7) 48. Qe5 $1 $16 Qc1 49. Kh2 ({Only move:} 49. Qxg5 $16 {Rxe6+ is the strong threat.} Rxc4 50. Qxf6 Qxe3+ 51. Qf2) 49... Rh6+ $14 50. Kg3 Rh4 51. Qxe6+ (51. Re4 $5 Qc3+ 52. Kf2 $14) 51... Ka7 52. Kf2 {[%emt 0:00:47] aiming for Nf3.} Rh1 53. Nf3 {[%emt 0:01:41][%csl LRd4,LRg5] Hoping for Re1.} Rxc4 (53... Qf1+ $11 54. Kg3 Rd2) 54. Qe5 $2 (54. Kg3 $16) 54... Rc2+ {[%emt 0:00:24][%mdl 1024] Black has compensation.} ({Resist} 54... Rxa4 55. Kg3 $16 (55. Nxg5 Qf1+ 56. Kg3 Rxg4+ 57. Kxg4 Qxg2+ 58. Kf4 Qh2+ 59. Rg3 Qd2+ 60. Re3 Rh4+ 61. Kf3 Qd1+ 62. Kf2 Rc4 $15)) (54... Rxg4 $5 55. Re1 Rxe1 56. Nxe1 Rf4+ 57. Kg1 Rxa4 $15) 55. Re2 {[%emt 0:00:37][%cal Oe2c2] Black must now prevent Rxc2!} Rc3 $40 {[%emt 0:00:06][%mdl 128] ( -> ...Qf1+). White needs to defend precisely. The board is on fire.} 56. Kg3 (56. Nxg5 $2 Rf1#) 56... Rh7 (56... Qa3 $11 57. Ref2 Qc1) 57. Qf5 $2 {[%emt 0:00:39][%mdl 8192] [#]} (57. Re1 $16 Rf7 58. Rf2 (58. Rxc1 Rfxf3+ 59. Kh2 Rh3+ 60. Kg1 Rxc1+ 61. Kf2 Rc2+ 62. Kg1 Rc1+ 63. Kf2 Rc2+ 64. Kg1 Rc1+ $11)) 57... Rh3+ $3 {[%emt 0:00:16][%mdl 576] Black mates.} 58. Kf2 Rcxf3+ 59. Qxf3 Rxf3+ 60. Kxf3 Qf4# {[%emt 0:02:28] Weighted Error Value: White=0.39/Black=0.24 (precise)} 0-1

[Event "ITT 1st Parada Jamundi 2022"]
[Site "Jamundi Valle"]
[Date "2022.12.07"]
[Round "4.2"]
[White "Mirzoev, Azer"]
[Black "Cruz, Cristhian"]
[Result "1/2-1/2"]
[ECO "D30"]
[WhiteElo "2462"]
[BlackElo "2552"]
[Annotator "TA"]
[PlyCount "38"]
[EventDate "2022.12.05"]
[EventType "swiss"]
[EventCountry "COL"]
[SourceTitle "playchess.com"]
[Source "ChessBase"]
[SourceQuality "1"]
[TimeControl "5400+30"]

1. d4 e6 2. Nf3 Nf6 3. c4 d5 4. e3 a6 5. Nbd2 c5 {[%emt 0:00:00] The position is equal.} 6. dxc5 {[%emt 0:00:00] D30: Queen's Gambit Declined: Systems without Nc3.} Bxc5 7. a3 a5 8. cxd5 exd5 9. Nb3 Bb6 10. Be2 Nc6 11. O-O O-O 12. Nbd4 {[%emt 0:00:00] [#]} Ne4 $146 ({Predecessor:} 12... Qe7 13. b3 Rd8 14. Bb2 Bg4 15. h3 Bxf3 16. Nxc6 bxc6 17. Bxf3 Ne4 18. Qc2 Rd6 19. Bxe4 dxe4 {1-0 (51) Gorcsi,G (2220)-To,N (2373) Budapest 2019}) 13. Bd2 Bxd4 14. Nxd4 Nxd4 15. exd4 Qb6 16. Bc3 Bf5 17. Bd3 Nxc3 18. bxc3 Bxd3 19. Qxd3 Rfc8 {[%emt 0:00:00] An interesting draw.   Weighted Error Value: White=0.03 (flawless) /Black=0.00 (flawless)} 1/2-1/2

[Event "ITT 1st Parada Jamundi 2022"]
[Site "Jamundi Valle"]
[Date "2022.12.07"]
[Round "4.3"]
[White "Delgado Ramirez, Neuris"]
[Black "Herrera, Juan Sebastian"]
[Result "1-0"]
[ECO "B40"]
[WhiteElo "2572"]
[BlackElo "2297"]
[Annotator "TA"]
[PlyCount "71"]
[EventDate "2022.12.05"]
[EventType "swiss"]
[EventCountry "COL"]
[SourceTitle "playchess.com"]
[Source "ChessBase"]
[SourceQuality "1"]
[TimeControl "5400+30"]

1. e4 c5 2. Nf3 e6 3. b3 a6 4. Bb2 Nc6 5. g3 d5 6. e5 {[%emt 0:00:37] B40: Sicilian: 2...e6, Unusual lines.} g5 7. h3 Bg7 8. Qe2 {[%emt 0:00:59] Black is slightly better.} h6 9. c3 {[%emt 0:00:37] [#]} Nge7 $146 ({Predecessor:} 9... f6 10. exf6 Qxf6 11. Bg2 Nge7 12. O-O O-O 13. d4 e5 14. dxe5 Nxe5 15. Nxe5 Qxe5 16. Qxe5 Bxe5 {½-½ (61) Mamedov,R (2651)-Svidler,P (2747) Moscow 2013}) 10. d4 Qa5 11. Nbd2 Bd7 12. a3 cxd4 13. cxd4 (13. b4 {[#]} d3 $1 14. Qe3 (14. Qxd3 $2 Qc7 $17) 14... Qc7 15. Bxd3 Nxe5 16. Nxe5 Bxe5 $17) 13... Qb6 (13... O-O $11) 14. b4 $1 $14 Na5 {[%emt 0:16:32] Inhibits Nb3.} 15. Qd1 {[%emt 0:04:44] Prevents Ba4.} (15. bxa5 Qxb2 16. Qd1 (16. Rb1 Qxa3 17. Qd3 Qxa5 $17) 16... Nc6 $17) 15... Rc8 16. Rc1 O-O 17. Rc5 $1 (17. bxa5 $2 Qxb2 18. Rb1 Qxa3 $17) 17... Nac6 18. Bd3 f6 19. exf6 Rxf6 20. O-O (20. h4 $5 ) 20... Rcf8 (20... Rf7 $5 ) 21. h4 gxh4 22. Nxh4 Be8 23. Qe2 Qc7 24. f4 Ng6 {[%emt 0:01:09] [#] Threatens to win with ...Nxh4.} 25. Ng2 {[%emt 0:00:32] White has more active pieces. The black rooks are badly placed.} Qd6 (25... Nge7 $1 $14 {is more appropriate.}) 26. Nf3 $36 {[%emt 0:01:30][%mdl 2048] White is on the roll.} Nce7 27. Ne3 (27. Re1 {simplifies} Nf5 28. Bxf5 exf5 29. Qc2) 27... Nxf4 $1 28. gxf4 Qxf4 {[%emt 0:02:23] And now ...Bh5 would win.} 29. Qe1 {[%emt 0:00:04] Black must now prevent Rc2.} Bg6 30. Ng2 $1 Bxd3 $4 {[%emt 0:02:32][%mdl 8192] Loses the game.} 31. Nxf4 $18 {[%emt 0:00:11] White is clearly winning.} Bxf1 32. Bc1 ({Weaker is} 32. Kxf1 Rxf4 33. Qxe6+ R8f7 $18) 32... Bb5 33. Rc7 Ng6 34. Qg3 R8f7 35. Rxf7 Kxf7 36. Ne5+ {[%emt 0:02:00] Weighted Error Value: White=0.09 (flawless) /Black=0.46} 1-0

[Event "ITT 1st Parada Jamundi 2022"]
[Site "Jamundi Valle"]
[Date "2022.12.07"]
[Round "4.4"]
[White "Avila Pavas, Santiago"]
[Black "Campos Gomez, Manuel"]
[Result "1-0"]
[ECO "B04"]
[WhiteElo "2461"]
[BlackElo "2322"]
[Annotator "TA"]
[PlyCount "153"]
[EventDate "2022.12.05"]
[EventType "swiss"]
[EventCountry "COL"]
[SourceTitle "playchess.com"]
[Source "ChessBase"]
[SourceQuality "1"]
[TimeControl "5400+30"]

1. e4 Nf6 2. e5 Nd5 3. d4 d6 4. c4 Nb6 5. exd6 cxd6 6. Nc3 g6 7. h3 Bg7 8. Nf3 O-O 9. Be2 Nc6 10. O-O Bf5 11. d5 {[%emt 0:00:11] B04: Alekhine's Defence: 4 Nf3.} (11. Bf4 {feels hotter.} e5 12. Bg5 Qd7 13. dxe5 dxe5 14. c5) 11... Na5 12. Nd4 $1 (12. g4 Bd7 13. Qd3 Naxc4 $17) 12... Naxc4 13. a4 {[%emt 0:00:12] White has an edge.} a5 14. Nxf5 gxf5 15. Re1 {[%emt 0:00:13] [#]} Rc8 $146 ({Predecessor:} 15... Qd7 16. Bd3 Kh8 17. Qh5 e6 18. Qh4 Rac8 19. Bg5 Rg8 20. Kh1 Rc5 21. Ne2 Ne5 {1-0 (79) Azarov,S (2586)-Yoo,C (2449) Saint Louis 2019}) 16. Bd3 {[%emt 0:03:02][%mdl 1024] White has compensation.} Qd7 17. Qh5 e6 18. Bh6 $1 Ne5 (18... exd5 $2 19. Bxg7 f6 20. Bxf8 $18) 19. Bb5 (19. Rad1 $14) 19... Qe7 $11 20. Rad1 {[%emt 0:00:10] Strongly threatening Bg5.} Rxc3 $1 21. bxc3 Nxd5 22. c4 Nc3 (22... Nf6 $5 23. Qg5 Ng6 $11) 23. Rc1 Ne4 {[%emt 0:04:40] Pair of Knights!} 24. c5 $1 Ng6 25. cxd6 Qxd6 26. Bxg7 Kxg7 27. Red1 Qf4 28. Qe2 Qg5 29. Rc7 (29. Bd3 $5 ) 29... Nh4 (29... Nf4 $11 30. Qf3 Kg8) 30. f3 {[%emt 0:02:48] The board is on fire.} (30. Rxb7 $2 Qxg2#) 30... Ng3 31. Qd2 {[%emt 0:08:24] White is more active.} (31. Qxe6 $2 Ne4 $1 32. Qe5+ (32. fxe4 $2 Qxg2#) (32. Qa2 $2 Nxf3+ 33. Kf1 Qe3 $19) 32... Kg8 $19) (31. Qb2+ $14 Kg8 32. Rxb7) 31... f4 $1 32. Bf1 (32. Qxa5 $2 Ne2+ 33. Kf2 Qxg2+ 34. Ke1 Nxf3#) 32... Kh6 33. Qf2 (33. Rxb7 $2 Ne4 34. Qd3 (34. fxe4 $2 Nf3+ 35. Kh1 Nxd2 $19) 34... Rd8 $3 35. Qxe4 (35. Qxd8 $2 Nxf3+ 36. Kh1 Ng3#) 35... Rxd1 $19) 33... b6 34. Rdd7 (34. Qxb6 $2 Nxf1 35. Qf2 Ne3 $19) 34... Qg7 35. Qd2 (35. Qxb6 $2 Qa1 36. Qf2 (36. Rxf7 $2 Qxf1+ 37. Kh2 Qxg2#) 36... Nhf5 $19) 35... Qf6 36. Qc3 Qg5 {[%emt 0:00:47][%cal Og3e2] And now ...Ne2+! would win.} 37. Qd2 {[%emt 0:00:00] Against Ne2+} (37. Rxf7 Rxf7 38. Kf2 Rxc7 39. Qxc7 Nxf1 40. Ke1 Qg3+ 41. Kd1 Ne3+ 42. Kc1 Qe1+ 43. Kb2 Nd1+ 44. Kb3 Nxg2 45. Qxb6 Qe3+ 46. Qxe3 fxe3 47. h4 e2 48. Kc4 e1=Q 49. Kc5 Qc3+ 50. Kb6 Nf4 51. Kb7 Nd5 52. Ka6 Qc6+ 53. Ka7 Qb6+ 54. Ka8 Nc7#) 37... Qf6 $40 {[%emt 0:00:47][%mdl 128] White needs to defend precisely.} 38. Rd4 Ng6 (38... Nxf3+ $5 39. gxf3 Rg8 40. Qxf4+ (40. Rxf4 $2 Ne2+ 41. Kh1 Nxf4 $19) 40... Qxf4 41. Rxf4 Ne2+ 42. Kf2 Nxf4 43. Rxf7 Nd5 $11) 39. Rcc4 {[%emt 0:00:31][%cal Rd4f4] Black must now prevent Rxf4.} Nf5 40. Rd3 Qe5 (40... Qg5 $17) 41. Re4 (41. Rc1 $11) 41... Qc5+ $17 42. Qf2 Qc1 (42... Ne3 $1 $17) 43. Re1 $11 (43. Qxb6 $2 Ng3 44. Qf2 Nxe4 45. fxe4 Rb8 $19) (43. Qd2 {is interesting.} Rc8 44. Re1 Qc5+ 45. Kh1) 43... Qc6 44. Qd2 (44. Rb3 $11) 44... Qxa4 $15 45. g4 (45. Qb2 $1 $11 {was the only way to keep the balance.}) 45... Ne3 $17 46. Rd4 (46. Qc3 $17 {was necessary.}) 46... Qc2 (46... Qc6 $19 47. Be2 Qc5) 47. Rc1 Qxd2 48. Rxd2 Ne5 49. Kf2 Kg5 50. Bb5 Kh4 51. Rd4 Nd5 52. Re1 f6 53. Rc1 {[%emt 0:00:58] Prevents Rc8.} (53. Bd7 $1 $15) 53... Rh8 (53... Kxh3 $2 54. Rh1#) (53... Ra8 $17 {aiming for ...a4.} 54. Ba4 h5) 54. Ba6 $11 {[%emt 0:00:47] Inhibits a4.} Nb4 (54... Kxh3 $2 55. Rh1#) ({Black should try} 54... b5 $15 55. Bxb5 h5) 55. Bb5 (55. Be2 $1 $11) 55... Nd5 (55... Kxh3 $2 56. Rh1#) (55... h5 $1 $17 {[%cal Rh5g4] Threatens to win with ...hxg4.} 56. gxh5 Kxh5) 56. Bd3 (56. Ba6 $11 {remains equal.}) 56... Nxd3+ $17 (56... Kxh3 $2 57. Rh1#) 57. Rxd3 {[%emt 0:00:01][%mdl 4096] Endgame KRR-KRN} Kg5 (57... Kxh3 $2 58. Rh1#) ({Black should play} 57... a4 $1 $17 {Hoping for ...b5.} 58. Re1 Ne3) 58. Re1 $1 $11 Ne3 59. h4+ Kxh4 60. Rd6 b5 61. Rh1+ Kg5 62. Rh5+ Kg6 {[%emt 0:00:01][%cal Oe6e5] ...e5! is the strong threat.} 63. Rxb5 Rc8 64. Rxe6 {[%emt 0:00:14] With the idea Ke2.} Rc2+ 65. Ke1 Ng2+ (65... h6 $11) 66. Kd1 $16 Rf2 $2 (66... Rc7 $16 67. Ke2 (67. Rxa5 Nh4 $16) 67... Nh4) 67. g5 $18 (67. Rxa5 Ne3+ 68. Ke1 Rxf3 $11) 67... Rf1+ 68. Kd2 Rf2+ 69. Kc1 Rf1+ 70. Kb2 Rf2+ 71. Ka1 Rf1+ {[%emt 0:00:06] [#]} 72. Ka2 $1 Rf2+ 73. Ka3 Rxf3+ 74. Ka4 Rg3 $2 (74... Rf1 75. Rxf6+ Kg7 76. Rb7+ (76. Rxa5 Ra1+ 77. Kb5 Rxa5+ 78. Kxa5 h5 $11) (76. Kxa5 Ne3 $16) 76... Kg8) 75. Rxf6+ (75. gxf6 f3 76. Rc6 Rg4+ 77. Kxa5 Rf4 78. f7+ Kxf7 79. Rb7+ Kg8 80. Rc8+ Rf8 81. Rxf8+ Kxf8 82. Rxh7 f2 $11) 75... Kh5 76. g6+ (76. Rxa5 Rxg5 77. Ra7 h6 $11) 76... Kh6 {[%emt 0:00:09] [#]} 77. Rh5+ $3 {[%emt 0:02:36][%mdl 576] Skewer, Promotion. Quite a comeback for White.   Weighted Error Value: White=0.19 (very precise) /Black=0.18 (very precise)} 1-0